 Dungeon Crawl Stone Soup version 0.29.1-1-gd02db6906a (webtiles) character file.

Game seed: 18136569705485112265

6951 Sanktem7 the Fighter (level 10, -4/97 HPs)
             Began as a Minotaur Berserker on Sept 26, 2022.
             Was a High Priest of Trog.
             Slain by a black mamba (15 damage)
             ... on level 1 of the Lair of Beasts on Oct 1, 2022.
             The game lasted 00:28:55 (10812 turns).

Sanktem7 the Fighter (Minotaur Berserker)          Turns: 10812, Time: 00:28:55

Health: -4/97      AC:  7    Str: 27    XL:     10   Next: 80%
Magic:  9/9        EV: 19    Int:  7    God:    Trog [*****.]
Gold:   573        SH:  0    Dex:  9    Spells: 9/9 levels left

rFire   . . .      SeeInvis .   r - +3 morningstar {mace}
rCold   . . .      Faith    +   (no shield)
rNeg    . . .      Spirit   .   N - +0 leather armour
rPois   .          Reflect  .   f - +0 hat {Int+3}
rElec   .          Harm     .   j - scarf {+Inv}
rCorr   .          Rampage  .   (no gloves)
Will    .....                   k - +2 pair of boots
Stlth   +.........              a - amulet of faith {!P}
HPRegen 0.26/turn               u - +4 ring of evasion
MPRegen 0.11/turn               z - +4 ring of evasion

@: lethally poisoned (-4 -> -29)
A: horns 2, retaliatory headbutt
a: Renounce Religion, Evoke Invisibility, Berserk, Trog's Hand, Brothers in Arms


You were on level 1 of the Lair of Beasts.
You worshipped Trog.
Trog was extremely pleased with you.
You visited 2 branches of the dungeon, and saw 10 of its levels.

You collected 573 gold pieces.


Innate Abilities, Weirdness & Mutations

You have a pair of horns on your head.
You reflexively headbutt those who attack you in melee.


   Skills:
 * Level 12.1 Fighting
 - Level 4.9(8.6) Axes
 * Level 11.0(11.4) Maces & Flails
 + Level 6.6 Throwing
 + Level 8.2 Armour
 - Level 2.1 Dodging


You had 9 spell levels left.
You didn't know any spells.
Your spell library contained the following spells:

 Spells                   Type           Power      Damage    Failure   Level
 Apportation              Tloc           0%         N/A       45%         1
 Freeze                   Ice            0%         1d3       45%         1
 Magic Dart               Conj           0%         1d3       45%         1
 Necrotise                Necr           0%         1d4       45%         1
 Summon Small Mammal      Summ           0%         N/A       45%         1
 Call Imp                 Summ           0%         N/A       61%         2
 Frozen Ramparts          Ice            0%         1d1       83%         3
 Mephitic Cloud           Conj/Pois/Air  0%         N/A       83%         3
 Ozocubu's Armour         Ice            0%         N/A       83%         3
 Vampiric Draining        Necr           0%         2d6       83%         3
 Anguish                  Hex/Necr       0%         N/A       99%         4
 Hailstorm                Conj/Ice       0%         3d3       99%         4
 Agony                    Necr           0%         N/A       100%        5
 Alistair's Intoxication  Tmut/Pois      0%         N/A       100%        5
 Borgnjor's Vile Clutch   Necr/Erth      0%         N/A       100%        5
 Eringya's Noxious Bog    Tmut/Pois      0%         N/A       100%        6
 Enfeeble                 Hex            0%         N/A       100%        7
 Ozocubu's Refrigeration  Ice            0%         4d7       100%        7

Inventory:

Hand Weapons
 r - a +3 morningstar (weapon) {mace}
   (You took it off a wight on level 7 of the Dungeon)
 G - a +3 antimagic quick blade {shortrare=g}
   (Trog gifted it to you on level 1 of the Lair of Beasts)
Missiles
 g - 8 stones {throwing}
 m - 9 poisoned darts (quivered) {throwing}
 p - 5 boomerangs {throwing}
 x - 9 atropa-tipped darts {throwing}
Armour
 f - a +0 hat of intelligence (worn)
   (You found it on level 6 of the Dungeon)
 j - a scarf of invisibility (worn)
   (You found it on level 1 of the Dungeon)
 k - a +2 pair of boots (worn)
   (You found it on level 2 of the Dungeon)
 N - a +0 leather armour (worn)
   (You took it off an orc on level 9 of the Dungeon)
Jewellery
 a - an amulet of faith (around neck) {!P}
   (You found it on level 6 of the Dungeon)
 u - a +4 ring of evasion (left hand)
   (You found it on level 2 of the Dungeon)
 z - a +4 ring of evasion (right hand)
   (You found it on level 6 of the Dungeon)
 D - a ring of resist corrosion
   (You found it on level 7 of the Dungeon)
 L - a ring of ice
   (You found it on level 8 of the Dungeon)
Wands
 e - a wand of paralysis (10)
   (You found it on level 7 of the Dungeon)
 i - a wand of flame (15)
   (You took it off an orc on level 4 of the Dungeon)
 v - a wand of iceblast (36)
   (You found it on level 3 of the Dungeon)
Scrolls
 b - a scroll of identify {@r1}
 h - 5 scrolls of teleportation {@r4}
 l - a scroll of vulnerability {!r!r}
 n - 2 scrolls of silence {!r}
 s - a scroll of immolation {!r!r}
 y - a scroll of fear
 A - a scroll of blinking {!r}
 M - a scroll of amnesia
 Q - a scroll of poison {!r}
Potions
 c - 2 potions of invisibility
 d - 2 potions of haste {@q3}
 o - 5 potions of might
 q - 2 potions of lignification {!q}
 t - 4 potions of heal wounds {@q2}
 B - a potion of magic
 C - a potion of berserk rage {unknown}
 E - a potion of flight {unknown}
 F - a potion of ambrosia {unknown}
 O - 2 potions of brilliance

Dungeon Overview and Level Annotations

Branches:
Dungeon (9/15) Zot: 25625  Temple (0/1) D:4            Lair (1/5) D:9 Zot: 5386
    Orc (0/2) D:9

Altars:
Cheibriados
Kikubaaqudgha
Wu Jian

Shops:
D:6 (   D:9 [

Annotations:
Lair:1 2 transporters, Rudyous's ghost, journeyman GnBe

# #.#. #...#########
#.S.##...##
#####S@.###.##
##.####### ##.#
####....## #.#
###.#.#....#######.#
#
#)...######...#...##
# #.#.## ###....##
## #.#### ########
.# #.#..###
##......# .##
#......#####.......#


You could see 2 black mambas.


Message History

Trog accepts your kill.
No target in view!
No target in view!
No target in view!
No target in view!
No target in view!
No target in view!
No target in view!
No target in view!
No target in view!
No target in view!
No target in view!
No target in view!
A basilisk comes into view.
The basilisk hisses angrily.
The basilisk gazes at you. You resist with some effort.
You see here 2 potions of might.
The basilisk misses you.
You sock the basilisk! Your headbutt misses the basilisk.
The basilisk bites you! 😕 HP[-8]
You take 8 damage, and now have 89/97 hp.
You hit the basilisk but do no damage. The basilisk gazes at you.
You are slowing down.
You impale the basilisk!! Your headbutt misses the basilisk.
The basilisk gazes at you. You resist with some effort.
Your limbs are stiffening. 😕 HP[+1]
You closely miss the basilisk. You headbutt the basilisk.
You kill the basilisk!
Trog accepts your kill.
You have turned to stone.
Your Maces & Flails skill increases to level 11!
You turn to flesh and can move again. 😕 HP[+3]
You regained 3 hp, and now have 93/97 hp.
o - 5 potions of might (gained 2)
A black mamba comes into view.
The black mamba hisses angrily.
A black mamba comes into view. 😎 HP[+4]
Your hp is fully restored (97).
There are monsters nearby!
The black mamba hisses angrily.
The black mamba bites you! 😕 HP[-12]
You take 12 damage, and now have 85/97 hp.
You hit the black mamba. Your headbutt misses the black mamba.
The black mamba completely misses you. You furiously retaliate!
You headbutt the black mamba. The black mamba closely misses you.
You puncture the black mamba! You headbutt the black mamba.
The black mamba bites you!
You are poisoned.
The black mamba poisons you! The black mamba bites you.
You are more poisoned.
The black mamba poisons you! 😮 HP[-14]
You take 14 damage, and now have 71/97 hp.
You sock the black mamba!
You headbutt the black mamba, but do no damage.
You feel extremely sick.
The black mamba closely misses you. 😮 HP[-9]
You take 9 damage, and now have 62/97 hp.
You barely miss the black mamba. Your headbutt misses the black mamba.
You feel very sick. The black mamba barely misses you. You furiously retaliate!
You headbutt the black mamba, but do no damage.
The black mamba bites you. 😮 HP[-10]
You take 10 damage, and now have 52/97 hp.
You miss the black mamba.
You feel very sick. The black mamba bites you.
* * * LOW HITPOINT WARNING * * *
The black mamba completely misses you. 😨 HP[-6]
You take 6 damage, and now have 46/97 hp.
You barely miss the black mamba.
You feel very sick. The black mamba bites you!
* * * LOW HITPOINT WARNING * * *
You are lethally poisoned!
The black mamba poisons you! 😨 HP[-19]
You take 19 damage, and now have 27/97 hp.
* * * LOW HITPOINT WARNING * * *
You feel extremely sick. The black mamba misses you. 😱 HP[-8]
You take 8 damage, and now have 19/97 hp.
The black mamba attacks as you move away!
The black mamba barely misses you.
* * * LOW HITPOINT WARNING * * *
You feel extremely sick. The black mamba bites you!
You die...

Skill      XL: |  1  2  3  4  5  6  7  8  9 10 |
---------------+-------------------------------+-----
Fighting       | 4 5 6 7 9 10 12 | 12.1
Axes           | 4 |  4.9
Throwing       | 1 2 3 4 5 6 |  6.6
Maces & Flails | 1 2 3 5 7 9 11 | 11.0
Armour         | 3 4 5 7 8 |  8.2
Dodging        | |  2.1

Action                   |  1- 3 |  4- 6 |  7- 9 | 10-12 || total
-------------------------+-------+-------+-------+-------++-------
Melee: Hand axe          |    66 |    38 |       |       ||   104
       Headbutt          |     8 |    21 |    41 |    25 ||    95
       Punch             |     1 |       |     1 |     3 ||     5
       Mace              |       |   119 |   153 |       ||   272
       Morningstar       |       |       |    57 |   111 ||   168
  Use: Scroll            |       |     7 |    12 |     3 ||    22
       Potion            |       |     5 |     3 |     3 ||    11
Armor: Animal skin       |    14 |     2 |       |       ||    16
       Chain mail        |       |    71 |    59 |       ||   130
       Plate armour      |       |       |    34 |    19 ||    53
       Leather armour    |       |       |       |     5 ||     5
Dodge: Dodged            |    40 |    73 |   151 |    97 ||   361

Levels and vault maps discovered:
D:1:      dpeg_arrival_rhombus, layout_loops_ring
D:2:      layout_rooms, hellmonk_ecumenical_altar_lost_god, nrook_mini_vaults,
          minmay_misc_feat_secret_circle, kennysheep_boxes, uniq_jessica
D:3:      layout_basic, lemuel_tele_altar
D:4:      cheibrodos_barr_body, layout_rooms, lemuel_doored_altar,
          minmay_temple_entry_arrows, kennysheep_small_spiral,
          minmay_a_box_with_orc_wizards_in_it
D:5:      layout_loops_ring, nicolae_sextant, minmay_misc_feat_pillars
D:6:      layout_layer_cave, serial_shops, nicolae_shop_stone, chequers_avenue
D:7:      layout_loops_ring, uniq_menkaure, uniq_joseph
D:8:      layout_loops_ring, uniq_erica
D:9:      layout_roguey, erik_lair_dragon, david_orc_5, minmay_shop_chei
Lair:1:   minmay_guarded_unrand_snakebite, layout_cave_pods, nzn_ghost_randoct,
          grunt_megastairs_5

Notes
Turn   | Place    | Note
-------+----------+-------------------------------------------
     0 | D:1      | Sanktem7 the Minotaur Berserker began the quest for the
                  | Orb.
     0 | D:1      | Reached XP level 1. HP: 19/19 MP: 0/0
     0 | D:1      | magus.rc [v1.9.6]
   216 | D:1      | magus.rc [v1.9.6]
   424 | D:1      | Reached XP level 2. HP: 23/27 MP: 1/1
   452 | D:1      | Reached skill level 4 in Fighting
   452 | D:1      | Reached skill level 4 in Axes
   717 | D:1      | You pick up a book of Frost {forbidden} and begin
                  | reading...
   717 | D:1      | You add the spells Freeze, Frozen Ramparts and Hailstorm to
                  | your library.
   996 | D:1      | Reached skill level 1 in Throwing
   996 | D:1      | Reached XP level 3. HP: 13/34 MP: 2/2
  1493 | D:2      | Noticed Jessica
  1497 | D:2      | Killed Jessica
  1497 | D:2      | Reached ** piety under Trog
  1503 | D:2      | Reached XP level 4. HP: 37/41 MP: 3/3
  1700 | D:2      | Found a faded altar of an unknown god.
  1964 | D:2      | magus.rc [v1.9.6]
  2482 | D:3      | You pick up a book of Necromancy {forbidden} and begin
                  | reading...
  2482 | D:3      | You add the spells Necrotise, Vampiric Draining and Agony
                  | to your library.
  2534 | D:3      | Reached skill level 5 in Fighting
  2539 | D:3      | You pick up a book of Cantrips {forbidden} and begin
                  | reading...
  2539 | D:3      | You add the spells Summon Small Mammal and Apportation to
                  | your library.
  2607 | D:3      | Identified the +1 ring mail of the Bulwark {+Inv rCorr}
  2620 | D:3      | Found an ornate altar of the Wu Jian Council.
  2762 | D:3      | Reached skill level 1 in Maces & Flails
  2988 | D:4      | Reached XP level 5. HP: 48/48 MP: 4/4
  3068 | D:4      | Found an ancient bone altar of Kikubaaqudgha.
  3135 | D:4      | Reached *** piety under Trog
  3205 | D:4      | Reached skill level 2 in Maces & Flails
  3205 | D:4      | Reached skill level 2 in Throwing
  3212 | D:4      | HP: 10/48 [something/puff of flame (6)]
  3214 | D:4      | Reached skill level 3 in Armour
  3218 | D:4      | HP: 6/50 [something (3)]
  3221 | D:4      | Reached XP level 6. HP: 7/57 MP: 5/5
  3492 | D:4      | You add the spells Ozocubu's Armour and Ozocubu's
                  | Refrigeration to your library.
  3585 | D:4      | Reached skill level 6 in Fighting
  3585 | D:4      | Reached skill level 3 in Maces & Flails
  3679 | D:4      | Found a staircase to the Ecumenical Temple.
  4013 | D:5      | Entered Level 5 of the Dungeon
  4035 | D:5      | Reached XP level 7. HP: 64/64 MP: 6/6
  4054 | D:5      | Reached skill level 4 in Maces & Flails
  4211 | D:5      | Reached skill level 3 in Throwing
  4211 | D:5      | Reached skill level 4 in Armour
  4456 | D:5      | Reached skill level 7 in Fighting
  4479 | D:5      | Reached skill level 5 in Maces & Flails
  4521 | D:5      | Reached **** piety under Trog
  5002 | D:6      | Reached XP level 8. HP: 73/73 MP: 7/7
  5035 | D:6      | You pick up a book of Maledictions {forbidden} and begin
                  | reading...
  5035 | D:6      | You add the spells Anguish and Enfeeble to your library.
  5486 | D:6      | Found Qehimn's Weapon Shop.
  5513 | D:6      | Reached skill level 8 in Fighting
  5513 | D:6      | Reached skill level 6 in Maces & Flails
  5513 | D:6      | Reached skill level 5 in Armour
  5889 | D:6      | Reached skill level 4 in Throwing
  6621 | D:7      | Reached skill level 7 in Maces & Flails
  6735 | D:7      | Noticed Joseph
  6749 | D:7      | Killed Joseph
  6750 | D:7      | Reached skill level 9 in Fighting
  6750 | D:7      | Reached XP level 9. HP: 52/83 MP: 8/8
  6951 | D:7      | Reached skill level 6 in Armour
  7196 | D:7      | Noticed Menkaure
  7199 | D:7      | Killed Menkaure
  7214 | D:7      | Reached skill level 8 in Maces & Flails
  7268 | D:7      | Reached skill level 5 in Throwing
  7901 | D:8      | Reached skill level 10 in Fighting
  8395 | D:8      | Noticed Erica
  8413 | D:8      | HP: 21/86 [something/bolt of poison (16)]
  8422 | D:8      | Killed Erica
  8423 | D:8      | Reached skill level 9 in Maces & Flails
  8423 | D:8      | Reached skill level 7 in Armour
  8642 | D:8      | Reached XP level 10. HP: 94/94 MP: 9/9
  8947 | D:9      | You pick up a book of Minor Magic {forbidden} and begin
                  | reading...
  8947 | D:9      | You add the spells Magic Dart, Call Imp and Mephitic Cloud
                  | to your library.
  8981 | D:9      | Reached ***** piety under Trog
  9005 | D:9      | Reached skill level 11 in Fighting
  9019 | D:9      | Found a staircase to the Orcish Mines.
  9339 | D:9      | Reached skill level 6 in Throwing
  9364 | D:9      | Reached skill level 10 in Maces & Flails
  9702 | D:9      | Found a staircase to the Lair.
  9823 | D:9      | Found a snail-covered altar of Cheibriados.
  9823 | D:9      | Found Cheibriados's Comfort Zone.
 10198 | Lair:1   | Entered Level 1 of the Lair of Beasts
 10281 | Lair:1   | Found a transporter.
 10301 | Lair:1   | Noticed Rudyous's ghost (journeyman GnBe)
 10303 | Lair:1   | Noticed a cane toad
 10342 | Lair:1   | Found a transporter.
 10348 | Lair:1   | Noticed a cane toad
 10359 | Lair:1   | HP: 17/97 [cane toad (17)]
 10360 | Lair:1   | Killed a cane toad
 10361 | Lair:1   | Reached skill level 8 in Armour
 10550 | Lair:1   | Reached skill level 12 in Fighting
 10552 | Lair:1   | You add the spells Alistair's Intoxication, Borgnjor's Vile
                  | Clutch and Eringya's Noxious Bog to your library.
 10734 | Lair:1   | Received a gift from Trog
 10735 | Lair:1   | G - a +3 antimagic quick blade {shortrare=g}
 10736 | Lair:1   | You drop a +3 antimagic quick blade {shortrare=g}.
 10738 | Lair:1   | G - a +3 antimagic quick blade {shortrare=g}
 10771 | Lair:1   | Reached skill level 11 in Maces & Flails
 10802 | Lair:1   | Noticed a black mamba
 10802 | Lair:1   | Noticed a black mamba
 10811 | Lair:1   | HP: 19/97 [poisoned by a black mamba]
 10812 | Lair:1   | Slain by a black mamba

Vanquished Creatures
  Erica (D:8)
  A cane toad (Lair:1)
  Joseph (D:7)
  4 komodo dragons
  A hornet (D:8)
  3 wyverns
  2 steam dragons
  3 basilisks
  Menkaure (D:7)
  2 water moccasins
  3 orc warriors
  A black bear (D:5)
  An ice beast (D:6)
  An ogre (D:5)
  4 centaurs
  6 bullfrogs
  2 scorpions
  A necrophage (D:5)
  9 wights
  5 howler monkeys
  6 hounds
  6 orc priests
  4 iguanas
  Jessica (D:2)
  9 orc wizards
  12 adders
  4 gnolls
  2 shadow imps
  A white imp (D:7)
  2 worms
  3 dart slugs
  37 orcs
  7 ball pythons
  6 endoplasms
  2 giant cockroaches
  6 goblins
  9 hobgoblins
  3 jackals (D:4)
  6 quokkas
  6 bats
  2 frilled lizards
  10 kobolds
  10 rats
206 creatures vanquished.

Vanquished Creatures (others)
  An orc (D:9)
1 creature vanquished.

Grand Total: 207 creatures vanquished

Table legend:
 A = Non-vault XP
 B = Vault XP
 C = Vault XP percentage of total XP
 D = Non-vault monster count
 E = Vault monster count
 F = Vault count percentage of total count
                 A         B        C        D         E       F
            +---------+---------+-------+---------+---------+-------
      Total |    5599 |    4331 |  43.6 |     151 |      55 |  26.7
            +---------+---------+-------+---------+---------+-------
        D:1 |      55 |       0 |   0.0 |      25 |       0 |   0.0
        D:2 |      46 |      37 |  44.6 |      19 |       1 |   5.0
        D:3 |      36 |       0 |   0.0 |      13 |       0 |   0.0
        D:4 |     181 |     351 |  66.0 |      22 |      14 |  38.9
        D:5 |     652 |       0 |   0.0 |      18 |       0 |   0.0
        D:6 |     679 |       0 |   0.0 |      13 |       0 |   0.0
        D:7 |    1155 |     584 |  33.6 |      16 |       2 |  11.1
        D:8 |    1009 |     839 |  45.4 |      14 |       1 |   6.7
        D:9 |     445 |    1855 |  80.7 |       7 |      30 |  81.1
     Lair:1 |    1341 |     665 |  33.2 |       4 |       7 |  63.6
            +---------+---------+-------+---------+---------+-------

Illustrated notes

Table legend:
 A = Kills in this place as a percentage of kills in entire the game.
 B = Kills by you in this place as a percentage of kills by you in the entire game.
 C = Kills by friends in this place as a percentage of kills by friends in the entire game.
 D = Other kills in this place as a percentage of other kills in the entire game.
 E = Experience gained in this place as a percentage of experience gained in the entire game.
 F = Experience gained in this place divided by the number of levels of this place that you have seen.
                   A       B       C       D       E      F
               +-------+-------+-------+-------+-------+----------------------
         Total | 100.0 | 100.0 |   N/A |   N/A | 100.0 | 993.0
       Dungeon |  94.7 |  94.7 |   N/A |   N/A |  79.8 | 880.4
          Lair |   5.3 |   5.3 |   N/A |   N/A |  20.2 | 2006.0
               +-------+-------+-------+-------+-------+----------------------

Table legend: (Time is in decaauts)
 A = Elapsed time spent in this place.
 B = Non-inter-level travel time spent in this place.
 C = Inter-level travel time spent in this place.
 D = Time resting spent in this place.
 E = Time spent auto-exploring this place.
 F = Levels seen in this place.
 G = Mean time per level.
                   A        B        C        D        E       F      G
               +--------+--------+--------+--------+--------+-----+--------+
         Total |  10882 |  10382 |    500 |    228 |   8751 |  10 | 1088.2 |
       Dungeon |  10269 |   9769 |    500 |    228 |   8222 |   9 | 1141.0 |
          Lair |    612 |    612 |      0 |      0 |    529 |   1 |  612.0 |
               +--------+--------+--------+--------+--------+-----+--------+

Top non-repeatable levels by time:
     D:6: 1453 daAuts
     D:1: 1425 daAuts
     D:9: 1374 daAuts
     D:8: 1241 daAuts
     D:7: 1166 daAuts
     D:4: 1125 daAuts
     D:2: 982 daAuts
     D:5: 958 daAuts
  Lair:1: 612 daAuts
     D:3: 542 daAuts
